 Dungeon Crawl Stone Soup version 0.24.0-41-g2ae2f7f1be (console) character file.

Game seed: 6945189254442495220, levelgen mode: deterministic

2493 Kagalorn the Grappler (level 9, 48/74 HPs)
             Began as a Green Draconian Transmuter on Dec 9, 2019.
             Was a Follower of Ashenzari.
             Quit the game on level 7 of the Dungeon.
             The game lasted 00:27:46 (6755 turns).

Kagalorn the Grappler (Green Draconian Transmuter)  Turns: 6755, Time: 00:27:46

Health: 48/74      AC:  4    Str: 14    XL:     9   Next: 27%
Magic:  14/14      EV: 12    Int: 16    God:    Ashenzari [*.....]
Gold:   175        SH:  6    Dex: 11    Spells: 12/18 levels left

rFire    . . .     SeeInvis .     - Unarmed
rCold    . . .     Gourm    .   (no shield)
rNeg     . . .     Faith    .   (armour unavailable)
rPois    +         Spirit   .   (helmet restricted)
rElec    .         Reflect  +   t - +0 cloak
rCorr    .         Harm     .   (no gloves)
MR       +....                  (no boots)
Stlth    +.........             h - +6 amulet of reflection (curse)
HPRegen  0.22/turn              n - ring of protection from magic
MPRegen  0.14/turn              k - ring of wizardry (curse)

@: corroded
A: breathe noxious fumes, unfitting armour, horns 1, blurry vision 1, low mp 1,
poison resistance, cold-blooded, AC +7
a: Breathe Noxious Fumes, Curse Item, Scrying, Renounce Religion


You were on level 7 of the Dungeon.
You worshipped Ashenzari.
Ashenzari was aware of your devotion.
You were not hungry.

You visited 2 branches of the dungeon, and saw 8 of its levels.
You also visited: Sewer and Bailey.

You collected 371 gold pieces.
You spent 196 gold pieces at shops.

Inventory:

Missiles
 a - 158 arrows
Armour
 b - a +0 buckler
 t - a +0 cloak (worn)
Jewellery
 h - a cursed +6 amulet of reflection (around neck)
 k - a cursed ring of wizardry (right hand)
 n - a ring of protection from magic (left hand)
Scrolls
 d - 10 scrolls of identify {unknown}
 e - 2 scrolls of noise {unknown}
 f - a scroll of immolation {unknown}
 g - 2 scrolls of blinking {unknown}
 i - 2 scrolls of fog {unknown}
 l - 2 scrolls of teleportation {unknown}
 p - a scroll of enchant armour {unknown}
 q - a scroll of enchant weapon {unknown}
 r - 2 scrolls of remove curse
 v - a scroll of random uselessness {unknown}
 w - 2 scrolls of amnesia {unknown}
Potions
 j - a potion of mutation
 m - 4 potions of curing
 o - 6 potions of flight
 s - a potion of invisibility
 u - 2 potions of resistance
 z - a potion of agility
 A - a potion of lignification
Comestibles
 c - 10 rations


   Skills:
 - Level 5.0 Fighting
 - Level 1.7 Dodging
 - Level 8.0 Unarmed Combat
 - Level 5.0 Spellcasting
 - Level 2.0 Translocations
 * Level 7.2 Transmutations
 - Level 2.0 Poison Magic


You had 12 spell levels left.
You knew the following spells:

 Your Spells              Type           Power        Failure   Level  Hunger
a - Beastly Appendage     Tmut           ####..       1%          1    None
b - Spider Form           Tmut/Pois      ###.......   2%          3    ###....
g - Blink                 Tloc           N/A          4%          2    #......

Your spell library contained the following spells:

 Spells                   Type           Power        Failure   Level  Hunger
 Sticks to Snakes         Tmut           ####....     1%          2    #......
 Corona                   Hex            #......      6%          1    None
 Magic Dart               Conj           #...         6%          1    None
 Call Imp                 Summ           #.......     9%          2    #......
 Ensorcelled Hibernation  Hex/Ice        #.....       9%          2    #......
 Slow                     Hex            #.......     9%          2    #......
 Blade Hands              Tmut           ####......   9%          5    ######.
 Mephitic Cloud           Conj/Pois/Air  #.......     14%         3    ###....
 Ice Form                 Ice/Tmut       ###.....     14%         4    ####...
 Confuse                  Hex            #.......     17%         3    ###....
 Conjure Flame            Conj/Fire      #.......     17%         3    ###....
 Dazzling Spray           Conj/Hex       #.....       17%         3    ###....
 Tukima's Dance           Hex            #.......     17%         3    ###....


Dungeon Overview and Level Annotations

Branches:
Dungeon (7/15)             Temple (1/1) D:4           Sewer (visited)
 Bailey (visited)

Altars:
Ashenzari
Dithmenos
Elyvilon
Fedhas
Hepliaklqana
Nemelex Xobeh
Qazlal
Ru
Sif Muna
Uskayaw
Vehumet
Wu Jian
Xom
Zin

Shops:
D:4 (   D:6 !


Innate Abilities, Weirdness & Mutations

You can breathe blasts of noxious fumes.
Your lurid green scales are hard. (AC +7)
You cannot fit into any form of body armour.
Your system is resistant to poisons. (rPois)
You are cold-blooded and may be slowed by cold attacks.
You have a pair of small horns on your head.
Scrolls take you a little longer to read.
Your magical capacity is low. (-10% MP)


Message History

The orc is heavily wounded.
The orc hits you but does no damage. The jelly closely misses you.
You hit the orc.
You kill the orc!
The jelly hits you but does no damage.
Things that are here:
a +0 whip; a +0 leather armour of cold resistance; an orc corpse You punch the jelly!
Your hands burn!
The jelly is moderately wounded.
The jelly hits you but does no damage.
You punch the jelly!
Your hands burn!
The jelly is almost dead.
The jelly hits you. The acid corrodes you!
You are splashed with acid!
You punch the jelly!
You kill the jelly!
Saving game... please wait.
Welcome back, Kagalorn the Green Draconian Transmuter.
Ashenzari says: Partake of my vision.
Partake of my curse.
Press ? for a list of commands and other information.
Are you sure you want to abandon this character and quit the game? (Confirm with "yes".)

#........%........#
######............#
#######.............#
.....................#
.....................#
...........[...(.....#
........((...........####
........[.#######........
........@(...............
................[........
.........................
.............(...........
#+#'#############........
#. #........ # #........
#........ #........


There were no monsters in sight!

Vanquished Creatures
  3 sky beasts
  2 orc warriors
  An ice beast (D:6)
  2 ogres
  A crocodile (Sewer)
  2 gnoll sergeants (Bailey)
  3 bullfrogs (D:6)
  A scorpion (D:3)
  4 wights (D:6)
  2 howler monkeys
  2 crimson imps
  A bullfrog zombie (D:5)
  A centaur zombie (D:6)
  A centaur skeleton (D:6)
  4 hounds
  3 gnoll shamans (Bailey)
  3 jellies
  3 orc priests
  Jessica (D:3)
  An iguana (D:4)
  4 orc wizards
  2 worker ants (D:4)
  A hound skeleton (D:6)
  A worker ant zombie (D:7)
  8 gnolls (Bailey)
  8 adders
  A shadow imp (D:6)
  An adder zombie (D:7)
  6 worms
  4 dart slugs
  6 leopard geckos
  13 orcs
  A ball python (D:3)
  9 giant cockroaches
  9 goblins
  10 hobgoblins
  13 jackals
  2 quokkas
  10 bats
  7 frilled lizards
  13 kobolds
  11 rats
181 creatures vanquished.

Notes
Turn   | Place    | Note
-------+----------+-------------------------------------------
     0 | D:1      | Kagalorn the Draconian Transmuter began the quest for the
                  | Orb.
     0 | D:1      | Reached XP level 1. HP: 16/16 MP: 3/3
   105 | D:1      | Reached XP level 2. HP: 18/23 MP: 1/5
   522 | D:1      | Found a shattered altar of Ashenzari.
   804 | D:1      | Reached XP level 3. HP: 27/28 MP: 4/6
  1149 | D:1      | Became a worshipper of Ashenzari the Shackled
  1314 | D:2      | Noticed an air elemental
  1315 | D:2      | Found a stormy altar of Qazlal.
  1318 | D:2      | Noticed an earth elemental
  1320 | D:2      | Noticed a fire elemental
  1320 | D:2      | Noticed a water elemental
  1402 | D:2      | Reached skill level 4 in Unarmed Combat
  1580 | D:2      | Reached XP level 4. HP: 28/35 MP: 5/7
  1830 | D:2      | Learned a level 3 spell: Spider Form
  1859 | D:2      | Noticed a sky beast
  1869 | D:2      | Killed a sky beast
  1869 | D:2      | Reached XP level 5. HP: 32/41 MP: 3/9
  2284 | D:3      | Reached skill level 5 in Unarmed Combat
  2433 | D:3      | Learned a level 2 spell: Blink
  2479 | D:3      | Noticed Jessica
  2488 | D:3      | Killed Jessica
  2488 | D:3      | Reached XP level 6. HP: 48/48 MP: 6/10
  2852 | D:3      | Reached skill level 1 in Poison Magic
  3105 | D:4      | Found a staircase to the Ecumenical Temple.
  3138 | D:4      | Reached skill level 1 in Translocations
  3138 | D:4      | Your scales start taking on a lurid green colour.
  3138 | D:4      | Reached XP level 7. HP: 48/56 MP: 10/12
  3138 | D:4      | Gained mutation: Your system is resistant to poisons.
                  | (rPois) [Green Draconian growth]
  3210 | D:4      | Found Rofruy Xaun's Antique Weapon Shoppe.
  3266 | D:4      | Found a glowing drain.
  3277 | Sewer    | Entered a sewer
  3362 | Sewer    | Reached skill level 6 in Unarmed Combat
  3469 | D:4      | Reached * piety under Ashenzari
  3708 | Temple   | Entered the Ecumenical Temple
  3812 | D:5      | Entered Level 5 of the Dungeon
  4367 | D:6      | Reached XP level 8. HP: 54/63 MP: 9/14
  4385 | D:6      | Reached skill level 7 in Unarmed Combat
  4545 | D:6      | Found Maxuss's Distillery.
  4561 | D:6      | Bought a potion of agility for 56 gold pieces
  4561 | D:6      | Bought a potion of lignification for 42 gold pieces
  4561 | D:6      | Bought a potion of curing for 42 gold pieces
  4561 | D:6      | Bought a potion of flight for 42 gold pieces
  4561 | D:6      | Bought a potion of degeneration for 14 gold pieces
  4785 | D:6      | Reached skill level 8 in Unarmed Combat
  4941 | D:6      | Reached skill level 5 in Spellcasting
  4946 | D:6      | Reached skill level 5 in Transmutations
  5181 | D:7      | Reached XP level 9. HP: 63/72 MP: 12/16
  5341 | D:7      | Found a flagged portal.
  5487 | Bailey   | Entered a bailey
  5496 | Bailey   | Reached skill level 5 in Fighting
  6199 | Bailey   | Gained mutation: Scrolls take you a little longer to read.
                  | [potion of mutation]
  6199 | Bailey   | Gained mutation: Your magical capacity is low. (-10% MP)
                  | [potion of mutation]
  6199 | Bailey   | Gained mutation: You have a pair of small horns on your
                  | head. [potion of mutation]
  6398 | Bailey   | HP: 3/74 [gnoll/+0 trident (3)]
  6755 | D:7      | Quit the game

Levels and vault maps discovered:
D:1:      evilmike_arrival_run_for_it, layout_basic, chequers_jeans,
          ashenzari_altar_1
D:2:      layout_loops_ring, nicolae_qazlal_style_of_elements,
          kennysheep_generic_room_5
D:3:      layout_basic, uniq_jessica
D:4:      layout_rooms, minmay_temple_entry_mist, serial_shops, shop,
          portal_sewer_entry_d, first_ration
D:5:      layout_loops_ring, yredelemnul_altar_generic, uniq_pikel
D:6:      layout_layer_cave, serial_shops, shop, serial_glass, glass_columns_a,
          glass_columns_a, glass_columns_a, glass_columns_b, glass_columns_a,
          glass_columns_a, glass_columns_b, glass_columns_c
D:7:      layout_basic, cheibriados_altar_1, enter_bailey_2
Temple:   dshaligram_water_room_temple

Skill      XL: |  1  2  3  4  5  6  7  8  9 |
---------------+----------------------------+-----
Unarmed Combat | 4 5 6 8 |  8.0
Spellcasting   | 3 4 5 |  5.0
Fighting       | 2 3 4 5 |  5.0
Transmutations | 3 4 5 7 |  7.2
Poison Magic   | 1 2 |  2.0
Translocations | 1 2 |  2.0
Dodging        | |  1.7

Action                   |  1- 3 |  4- 6 |  7- 9 || total
-------------------------+-------+-------+-------++-------
Melee: Unarmed           |   169 |   179 |   319 ||   667
       Kick              |     3 |     8 |     9 ||    20
       Headbutt          |     3 |     6 |     7 ||    16
       Tailslap          |    21 |    11 |    12 ||    44
       Punch             |       |     1 |     3 ||     4
 Cast: Beastly Appendage |    20 |    12 |    13 ||    45
       Spider Form       |       |    13 |    23 ||    36
       Blink             |       |       |     1 ||     1
Invok: Curse Item        |       |     1 |     1 ||     2
 Abil: End Transformatio |       |     1 |       ||     1
  Use: Potion            |       |     1 |     4 ||     5
 Stab: Sleeping          |     2 |     1 |       ||     3
       Invisible         |       |       |     6 ||     6
  Eat: Chunk             |     2 |     6 |    12 ||    20
       Ration            |       |       |     1 ||     1
Armor: Skin              |    46 |    36 |    41 ||   123
Dodge: Dodged            |    86 |    83 |   281 ||   450
Block: Other             |    13 |    54 |   100 ||   167
       Reflection        |     1 |     4 |     5 ||    10
